 Dungeon Crawl Stone Soup version 0.28.0 (webtiles) character file.

Game seed: 2470381313907729586

662 bande the Skirmisher (level 7, -1/44 HPs)
             Began as a Gargoyle Fighter on Feb 6, 2022.
             Slain by a killer bee (6 damage)
             ... on level 4 of the Dungeon.
             The game lasted 00:09:59 (5993 turns).

bande the Skirmisher (Gargoyle Fighter)             Turns: 5993, Time: 00:09:59

Health: -1/44      AC: 19    Str: 20    XL:     7   Next: 56%
Magic:  7/7        EV:  7    Int:  8    God:
Gold:   136        SH:  4    Dex: 11    Spells: 6/6 levels left

rFire   . . .      SeeInvis .   a - +1 war axe
rCold   . . .      Faith    .   c - +0 buckler
rNeg    + . .      Spirit   .   p - +0 chain mail
rPois   ∞          Reflect  .   k - +2 helmet
rElec   +          Harm     .   e - +0 cloak
rCorr   .          Rampage  .   (no gloves)
Will    .....                   (no boots)
Stlth   ..........              (no amulet)
HPRegen 0.14/turn               (no ring)
MPRegen 0.10/turn               (no ring)

@: no status effects
A: sickness immunity, AC +4, negative energy resistance 1, electricity
resistance, torment resistance 1, petrification resistance
a: no special abilities


You were on level 4 of the Dungeon.
You visited 1 branch of the dungeon, and saw 5 of its levels.

You collected 136 gold pieces.

Inventory:

Hand Weapons
 a - a +1 war axe (weapon)
 f - a +0 flail
Missiles
 q - a throwing net (quivered)
Armour
 c - a +0 buckler (worn)
 e - a +0 cloak (worn)
 k - a +2 helmet (worn)
 l - an orb of light
 p - a +0 chain mail (worn)
Wands
 o - a wand of flame (4)
 r - a wand of charming (10)
Scrolls
 b - a scroll of silence {unknown}
 h - a scroll of enchant weapon
 s - a scroll of teleportation {unknown}
Potions
 d - a potion of might
 g - a potion of brilliance
 i - 3 potions of heal wounds
 j - a potion of ambrosia
 m - a potion of magic {unknown}
 n - a potion of flight {unknown}


   Skills:
 + Level 5.0 Fighting
 + Level 4.9 Axes
 + Level 5.0 Armour
 + Level 4.2 Shields
 * Level 2.1 Evocations


You had 6 spell levels left.
You didn't know any spells.
Your spell library contained the following spells:

 Spells                   Type           Power      Damage    Failure   Level
 Animate Skeleton         Necr           0%         N/A       99%         1
 Pain                     Necr           0%         1d4       99%         1
 Conjure Flame            Conj/Fire      0%         6-21      100%        3
 Ignite Poison            Fire/Tmut/Pois 0%         N/A       100%        3
 Vampiric Draining        Necr           0%         2d6       100%        3
 Sticky Flame             Conj/Fire      0%         2d3       100%        4


Dungeon Overview and Level Annotations

Branches:
Dungeon (5/15)
 Temple: D:4-7

Altars:
Vehumet

Shops:
D:2 (   D:3 ?

Annotations:
D:4 exclusion: statue
D:5 Dowan, Duvessa, Pikel


Innate Abilities, Weirdness & Mutations

You are immune to sickness and miasma.
Your stone body is resilient. (AC +4)
You are immune to poison.
You resist negative energy. (rN+)
You are resistant to electric shocks. (rElec)
You are resistant to unholy torment.
You are immune to petrification.


Message History

Unknown command.
The killer bee barely misses you. The killer bee stings you.
* * * LOW HITPOINT WARNING * * *
You block the killer bee's attack.
You closely miss the killer bee.
The killer bee is lightly wounded.
You hit the killer bee. The killer bee barely misses you.
The killer bee stings you but does no damage.
The killer bee barely misses you.
The killer bee stings you but does no damage.
Unknown command.
You slash the killer bee!
The killer bee is severely wounded.
You barely miss the killer bee.
The killer bee stings you but does no damage.
The killer bee barely misses you.
The killer bee stings you but does no damage. x2
You hit the killer bee but do no damage.
The killer bee is severely wounded.
You barely miss the killer bee. You block the killer bee's attack.
The killer bee barely misses you.
The killer bee stings you but does no damage.
The killer bee closely misses you. The killer bee stings you.
* * * LOW HITPOINT WARNING * * *
The killer bee stings you but does no damage.
You miss the killer bee.
The killer bee is severely wounded.
You hit the killer bee.
The killer bee stings you but does no damage. x2
You block the killer bee's attack.
The killer bee stings you but does no damage.
You hit the killer bee.
The killer bee is almost dead.
You slash the killer bee!
The killer bee stings you but does no damage. x2
The killer bee stings you.
* * * LOW HITPOINT WARNING * * *
The killer bee stings you but does no damage.
You block the killer bee's attack. The killer bee stings you.
You die...

# ###### ########## # #....#
#........# ######### #....#
#.##.@...# #.....#.' #....#
#.##yy...#####.#.###.#
#....###...#>................
#.#...#..###÷.#######.#.#.#.#
#.#..#...# #..# #....#.#....
#.#.#....# #..# #....#.#....
#.##.....###..#####..........
#.#.###.....#.......#.#.#....
#.##....#...#######.#####....


You could see 2 killer bees.

Vanquished Creatures
  Sigmund (D:4)
  A killer bee (D:4)
  4 hounds
  A gnoll shaman (D:3)
  An orc priest (D:2)
  An iguana (D:4)
  An orc wizard (D:3)
  Robin (D:2)
  5 gnolls (D:3)
  8 adders
  3 worms
  A dart slug (D:2)
  2 orcs (D:2)
  8 bats
  2 endoplasms
  A giant cockroach (D:1)
  22 goblins
  9 hobgoblins
  3 jackals (D:4)
  10 kobolds
  4 quokkas
  8 ball pythons
  3 rats
100 creatures vanquished.

Vanquished Creatures (others)
  2 plants (D:1)
2 creatures vanquished.

Grand Total: 102 creatures vanquished

Notes
Turn   | Place    | Note
-------+----------+-------------------------------------------
     0 | D:1      | bande the Gargoyle Fighter began the quest for the Orb.
     0 | D:1      | Reached XP level 1. HP: 14/14 MP: 1/1
    90 | D:1      | Found a faded altar of an unknown god.
    98 | D:1      | Reached XP level 2. HP: 19/19 MP: 2/2
  1012 | D:2      | Noticed Robin
  1017 | D:1      | Reached XP level 3. HP: 24/24 MP: 3/3
  1239 | D:2      | Killed Robin
  1493 | D:2      | Reached XP level 4. HP: 29/29 MP: 4/4
  1789 | D:2      | Found Buuluv's Antique Weapon Boutique.
  1991 | D:2      | Reached XP level 5. HP: 18/33 MP: 5/5
  2379 | D:3      | Found Soloesti's Magic Scroll Shoppe.
  2845 | D:4      | Noticed Sigmund
  3049 | D:3      | Reached XP level 6. HP: 21/39 MP: 6/6
  4277 | D:3      | Reached skill level 1 in Evocations
  4440 | D:4      | Killed Sigmund
  4441 | D:4      | Reached XP level 7. HP: 30/44 MP: 7/7
  5111 | D:4      | Found a radiant altar of Vehumet.
  5529 | D:5      | Entered Level 5 of the Dungeon
  5539 | D:5      | Noticed Duvessa
  5540 | D:5      | Noticed Dowan
  5564 | D:4      | Reached skill level 5 in Fighting
  5646 | D:4      | Reached skill level 5 in Armour
  5982 | D:5      | Noticed Pikel
  5993 | D:4      | Slain by a killer bee

Illustrated notes

Levels and vault maps discovered:
D:1:      nzn_arrival_water_spiral, layout_basic,
          shapermc_ecumenical_altar_acropolis, chequers_serial_rivers_marsh,
          minmay_misc_feat_alley, nicolae_concentric_dashed_squares_mild,
          minmay_misc_feat_chi
D:2:      layout_rooms, serial_shops, shop_fountains, uniq_robin
D:3:      layout_rooms, serial_shops, shop, minmay_misc_feat_iff
D:4:      layout_basic, vehumet_statue, hangedman_decor_diamond_cutter,
          uniq_sigmund
D:5:      layout_cave_pools, uniq_duvessa, uniq_pikel

Skill      XL: |  1  2  3  4  5  6  7 |
---------------+----------------------+-----
Axes           | 2 3 4 |  4.9
Fighting       | 4 5 |  5.0
Armour         | 4 5 |  5.0
Evocations     | 1 2 |  2.1
Shields        | 4 |  4.2

Action                   |  1- 3 |  4- 6 |  7- 9 || total
-------------------------+-------+-------+-------++-------
Melee: War axe           |   112 |   168 |    72 ||   352
  Use: Scroll            |       |     4 |     2 ||     6
Armor: Scale mail        |    79 |    74 |       ||   153
       Chain mail        |       |    68 |   126 ||   194
Dodge: Dodged            |    67 |    90 |    62 ||   219
Block: Buckler           |    30 |    49 |    38 ||   117
